cohdb
Replays
Latest Replays
All Replays
Popular Replays
Top Player Replays
Match Explorer
How It Works
Community
CoH3 Stats
Reddit
Sign in to upload your games and track your stats! →
Sign in with Steam
Match 45111182
Unlisted
Match 45111182
Overview
Messages
Build Orders
End
Panzergrenadier Squad
Selects Panzerjäger Kommand Battlegroup
Selects Panzerjäger Kommand Battlegroup
Selects Panzerjäger Kommand Battlegroup
Selects Blockade Equipment
250 Light Carrier
Panzergrenadier Squad
Construct Light Support Kompanie
Combat Half-tracks
Selects GrB 39 Grenade Launcher Requisition
Panzerpioneer Squad
Construct Mechanized Kompanie
Advanced Field Repairs
Panzerjäger Mechanized Group
MG34 Team
Construct Panzerarmee Kommand
Emergency Repair Kits
Rapid Advance
Panzer III L Medium Tank
Selects Crew Shock Tactics
Crew Shock Tactics
Vehicle Survival Package
Panzer III L Medium Tank
Veteran Squad Leaders
Walking Stuka Rocket Launcher
Crew Shock Tactics
Advanced Optics
Tungsten Core Ammunition
Crew Shock Tactics
Selects Elefant Tank Destroyer
Elefant Tank Destroyer
250 Light Carrier
实力不足只能当老六了
✠Kaiser✠ tushkan
Billy Mitchell
NotQuiteAKing
0
0
Comments
sign in to comment!
No comments posted yet!